 Dungeon Crawl Stone Soup version 0.24-a0-373-g39439d866b (webtiles) character file.

Game seed: 17937676261962683115

29136 Azzok the Martial Artist (level 13, -10/118 HPs)
             Began as a Gnoll Transmuter on May 29, 2019.
             Was the Champion of Cheibriados.
             Mangled by an eight-headed hydra (15 damage)
             ... on level 5 of the Lair of Beasts on May 30, 2019.
             The game lasted 00:38:02 (20963 turns).

Azzok the Martial Artist (Gnoll Transmuter)        Turns: 20963, Time: 00:38:03

Health: -10/118    AC: 12    Str: 28    XL:     13   Next: 43%
Magic:  16/26      EV: 20    Int: 34    God:    Cheibriados [******]
Gold:   1338       SH:  0    Dex: 32    Spells: 14/31 levels left

rFire    x . .     SeeInvis .     - Unarmed
rCold    + + +     Gourm    .   (shield currently unavailable)
rNeg     . . .     Faith    .   (armour currently unavailable)
rPois    +         Spirit   .   (helmet currently unavailable)
rElec    .         Reflect  .   (cloak currently unavailable)
rCorr    .         Harm     .   (gloves currently unavailable)
MR       .....                  (boots currently unavailable)
Stlth    +++++.....             (no amulet)
HPRegen  0.29/turn              I - ring of wizardry
MPRegen  0.20/turn              M - +3 ring of protection

@: about to teleport, ice-form, very slightly contaminated, very slow
A: large, distributed training, strong nose
a: End Transformation, Bend Time, Temporal Distortion, Slouch, Step From Time,
Renounce Religion


You were on level 5 of the Lair of Beasts.
You worshipped Cheibriados.
Cheibriados was exalted by your worship.
You were very hungry.
You were a creature of crystalline ice.
You visited 3 branches of the dungeon, and saw 17 of its levels.
You also visited: Bailey.

You collected 1338 gold pieces.

Inventory:

Missiles
 a - 192 arrows
Armour
 i - a +0 pair of gloves (melded)
 p - a +2 helmet of intelligence (melded)
 q - a +0 buckler (melded)
 t - a +0 troll leather armour
 N - a +2 plate armour of fire resistance (melded)
Magical Staves
 U - an uncursed staff of air (melded)
Jewellery
 u - an uncursed ring of see invisible
 G - an uncursed ring of protection from magic
 I - a ring of wizardry (left front paw)
 M - a +3 ring of protection (right front paw)
Wands
 g - a wand of paralysis (9)
 s - a wand of disintegration (24)
 C - a wand of digging (5)
 F - a wand of clouds (5)
 K - a wand of flame (22)
 R - a wand of iceblast (17)
Scrolls
 e - 4 scrolls of magic mapping
 f - 2 scrolls of fog
 h - 8 scrolls of remove curse
 n - 5 scrolls of teleportation
 v - 3 scrolls of enchant weapon
Potions
 b - 3 potions of brilliance
 c - 3 potions of heal wounds {unknown}
 j - 9 potions of curing
 k - 3 potions of flight {unknown}
 l - a potion of degeneration {unknown}
 m - a potion of lignification {unknown}
 o - 3 potions of agility
 w - 2 potions of mutation {!q}
 B - 4 potions of might
 D - 3 potions of invisibility
 P - a potion of cancellation
Comestibles
 d - 31 rations


   Skills:
 + Level 8.6 Fighting
 + Level 8.1 Short Blades
 + Level 8.1 Long Blades
 + Level 8.1 Axes
 + Level 8.1 Maces & Flails
 + Level 8.1 Polearms
 + Level 8.1 Staves
 + Level 8.1 Slings
 + Level 8.1 Bows
 + Level 8.1 Crossbows
 + Level 8.1 Throwing
 + Level 8.1 Armour
 + Level 9.4 Dodging
 + Level 8.1 Stealth
 + Level 8.1 Shields
 + Level 10.4 Unarmed Combat
 + Level 9.6 Spellcasting
 + Level 6.7 Conjurations
 + Level 6.7 Hexes
 + Level 6.7 Charms
 + Level 6.7 Summonings
 + Level 6.7 Necromancy
 + Level 6.7 Translocations
 + Level 7.8 Transmutations
 + Level 6.7 Fire Magic
 + Level 6.7 Ice Magic
 + Level 6.7 Air Magic
 + Level 6.7 Earth Magic
 + Level 6.7 Poison Magic
 + Level 8.9 Invocations
 + Level 8.1 Evocations


You had 14 spell levels left.
You knew the following spells:

 Your Spells              Type           Power        Failure   Level  Hunger
a - Blade Hands           Tmut           ######....   1%          5    ###....
b - Ice Form              Ice/Tmut       ######..     1%          4    None
c - Spider Form           Tmut/Pois      ######....   1%          3    None
d - Lesser Beckoning      Tloc           ######....   1%          3    None
l - Sticks to Snakes      Tmut           ######..     1%          2    None

Your spell library contained the following spells:

 Spells                   Type           Power        Failure   Level  Hunger
 Beastly Appendage        Tmut           ######       1%          1    None
 Confusing Touch          Hex            ######       1%          1    None
 Sandblast                Erth           ######       1%          1    None
 Blink                    Tloc           N/A          1%          2    None
 Passwall                 Tmut/Erth      ######..     1%          2    None
 Shroud of Golubria       Chrm/Tloc      ######....   1%          2    None
 Confuse                  Hex            ######..     1%          3    None
 Gell's Gravitas          Tloc           ######....   1%          3    None
 Stone Arrow              Conj/Erth      ######       1%          3    None
 Teleport Other           Tloc           ######..     1%          3    None
 Passage of Golubria      Tloc           N/A          1%          4    None
 Petrify                  Tmut/Erth      ######..     1%          4    None
 Summon Lightning Spire   Summ/Air       ######..     1%          4    None
 Bolt of Magma            Conj/Fire/Erth ######....   1%          5    ###....
 Iskenderun's Battlesphe  Conj/Chrm      ######..     1%          5    ###....
 Lee's Rapid Deconstruct  Erth           ######....   1%          5    ###....
 Metabolic Englaciation   Hex/Ice        ######....   1%          5    ###....
 Silence                  Hex/Air        ######....   1%          5    ###....
 Venom Bolt               Conj/Pois      ######....   1%          5    ###....
 Yara's Violent Unravell  Hex/Tmut       ######....   1%          5    ###....
 Conjure Ball Lightning   Conj/Air       ######....   11%         6    #####..
 Deflect Missiles         Chrm/Air       ######....   11%         6    #####..
 Iron Shot                Conj/Erth      ######....   11%         6    #####..
 Orb of Destruction       Conj           ######....   47%         7    ######.
 Spellforged Servitor     Conj/Summ      ######....   47%         7    ######.
 Tornado                  Air            ######....   100%        9    #######


Dungeon Overview and Level Annotations

Branches:
Dungeon (11/15)            Temple (1/1) D:4            Lair (5/6) D:9
 Shoals (0/4) Lair:3       Spider (0/4) Lair:2
  Slime: Lair:5-6       Orc: D:9-12

Altars:
Cheibriados
Dithmenos
Fedhas
Gozag
Hepliaklqana
Kikubaaqudgha
Makhleb
Nemelex Xobeh
Okawaru
Qazlal
Ru
Sif Muna
Trog
Uskayaw
Vehumet
Xom
The Shining One
Beogh

Shops:
D:5 %

Annotations:
Lair:1 1 runed translucent door, Xysuja Ciut's ghost, journeyman NaFE


Innate Abilities, Weirdness & Mutations

Your experience applies equally to all skills.
((You have very sharp teeth.))
Your uncanny sense of smell can sniff out nearby items.


Message History

The eight-headed hydra barely misses you. x2
The eight-headed hydra bites you but does no damage.
You see here a hydra corpse.
You hit the eight-headed hydra. You freeze the eight-headed hydra.
The eight-headed hydra is lightly wounded.
The eight-headed hydra bites you!
* * * LOW HITPOINT WARNING * * *
The eight-headed hydra closely misses you.
The eight-headed hydra completely misses you.
The eight-headed hydra bites you but does no damage.
The eight-headed hydra misses you.
The eight-headed hydra bites you but does no damage.
The eight-headed hydra barely misses you.
The eight-headed hydra misses you.
Okay, then.
Okay, then.
Okay, then.
As you read the scroll of teleportation, it crumbles to dust.
You feel strangely unstable. The eight-headed hydra bites you!
You die...

▒▒▒▒▒▒▒▒▒▒▒▒▒▒▒▒▒▒▒▒▒▒▒▒
························
························
························
·····?··················
·······D················
·······Y················
························
▒▒▒▒·▒▒·)▒▒▒▒·P·P▒▒··▒▒·
▒ ▒▒▒▒ ▒▒▒▒▒▒·▒▒▒▒▒ ▒▒▒
▒▒▒ ▒▒▒
▒▒·▒▒▒·P▒▒▒▒▒▒▒·▒▒▒▒▒


You could see an eight-headed hydra.

Vanquished Creatures
  2 hydras (Lair:5)
  Urug (Lair:4)
  An oklob plant (Lair:2)
  An ugly thing (D:6)
  3 merfolk sirens (Lair:3)
  7 elephants
  2 black mambas
  4 spiny frogs
  3 komodo dragons
  2 jumping spiders (Lair:2)
  A troll (D:5)
  A merfolk (Lair:3)
  A polar bear (Lair:2)
  A hornet (D:10)
  20 blink frogs
  6 hippogriffs
  A redback (Lair:2)
  2 wyverns (Lair:4)
  15 yaks
  Eustachio (D:5)
  2 basilisks (Lair:3)
  Menkaure (D:7)
  17 water moccasins
  8 porcupines
  5 ice beasts
  A sky beast (D:11)
  15 orc warriors
  An eye of draining (shapeshifter) (D:11)
  4 black bears
  2 phantoms
  5 ogres
  12 centaurs
  13 crocodiles
  5 wolves (Lair:1)
  16 bullfrogs
  A gnoll sergeant (D:7)
  A wyvern zombie (D:6)
  2 scorpions
  4 killer bees (D:9)
  4 wights (D:11)
  3 electric eels
  4 crimson imps
  A howler monkey (D:9)
  A centaur zombie (D:7)
  2 bullfrog zombies (D:9)
  3 quasits
  4 hounds
  A jelly (D:5)
  A bullfrog skeleton (D:6)
  4 orc priests
  7 orc wizards
  A centaur skeleton (D:11)
  2 iguanas
  6 hell rats (Lair:3)
  10 worker ants
  A hound zombie (D:9)
  2 hound skeletons (D:6)
  9 gnolls
  14 adders
  17 river rats (Lair:3)
  3 shadow imps
  2 oozes
  An adder skeleton (D:3)
  3 worms
  A dart slug (D:2)
  5 leopard geckos
  68 orcs
  9 bats
  8 giant cockroaches
  10 goblins
  17 hobgoblins
  10 jackals
  16 quokkas
  2 ball pythons (D:3)
  3 frilled lizards
  2 goblin skeletons (D:7)
  A goblin zombie (D:7)
  A hobgoblin zombie (D:7)
  5 kobolds
  A kobold zombie (D:7)
  A leopard gecko skeleton (D:7)
  An orc zombie (D:7)
  3 quokka skeletons (D:5)
  9 rats
469 creatures vanquished.

Vanquished Creatures (others)
  4 fungi (Lair:2)
  2 withered plants (Lair:1)
6 creatures vanquished.

Grand Total: 475 creatures vanquished

Notes
Turn   | Place    | Note
-------+----------+-------------------------------------------
     0 | D:1      | Azzok the Gnoll Transmuter began the quest for the Orb.
     0 | D:1      | Reached XP level 1. HP: 17/17 MP: 6/6
   160 | D:1      | Reached XP level 2. HP: 20/23 MP: 7/7
   525 | D:1      | Reached XP level 3. HP: 28/28 MP: 9/9
   755 | D:1      | Reached skill level 5 in Spellcasting
  1081 | D:2      | Reached skill level 1 in Invocations
  1110 | D:2      | Reached skill level 1 in Short Blades
  1110 | D:2      | Reached skill level 1 in Long Blades
  1110 | D:2      | Reached skill level 1 in Axes
  1110 | D:2      | Reached skill level 1 in Maces & Flails
  1110 | D:2      | Reached skill level 1 in Polearms
  1110 | D:2      | Reached skill level 1 in Staves
  1110 | D:2      | Reached skill level 1 in Slings
  1110 | D:2      | Reached skill level 1 in Bows
  1110 | D:2      | Reached skill level 1 in Crossbows
  1110 | D:2      | Reached skill level 1 in Throwing
  1110 | D:2      | Reached skill level 1 in Armour
  1110 | D:2      | Reached skill level 1 in Stealth
  1110 | D:2      | Reached skill level 1 in Shields
  1110 | D:2      | Reached skill level 1 in Evocations
  1110 | D:2      | Reached XP level 4. HP: 9/34 MP: 9/11
  1117 | D:2      | HP: 1/34 [jackal (3)]
  1137 | D:2      | Learned a level 3 spell: Spider Form
  1834 | D:2      | Reached skill level 1 in Conjurations
  1834 | D:2      | Reached skill level 1 in Hexes
  1834 | D:2      | Reached skill level 1 in Charms
  1834 | D:2      | Reached skill level 1 in Summonings
  1834 | D:2      | Reached skill level 1 in Necromancy
  1834 | D:2      | Reached skill level 1 in Translocations
  1834 | D:2      | Reached skill level 1 in Fire Magic
  1834 | D:2      | Reached skill level 1 in Ice Magic
  1834 | D:2      | Reached skill level 1 in Air Magic
  1834 | D:2      | Reached skill level 1 in Earth Magic
  1834 | D:2      | Reached skill level 1 in Poison Magic
  2243 | D:2      | Found a sparkling altar of Nemelex Xobeh.
  2370 | D:3      | Found a shadowy altar of Dithmenos.
  2567 | D:3      | Reached XP level 5. HP: 40/40 MP: 12/12
  3408 | D:2      | Reached XP level 6. HP: 42/47 MP: 9/13
  3470 | D:3      | Found a stormy altar of Qazlal.
  3758 | D:4      | Found a staircase to the Ecumenical Temple.
  3788 | D:4      | Reached skill level 5 in Dodging
  3818 | Temple   | Entered the Ecumenical Temple
  3882 | Temple   | Became a worshipper of Cheibriados the Contemplative
  3888 | Temple   | Learned a level 4 spell: Ice Form
  4174 | D:4      | Noticed a +0 hand axe
  4174 | D:4      | Noticed a +0 hand axe
  4185 | D:4      | Found a hide-covered altar of Uskayaw.
  4304 | D:4      | Found an iron altar of Okawaru.
  4382 | D:5      | Entered Level 5 of the Dungeon
  4668 | D:5      | Reached XP level 7. HP: 14/52 MP: 11/15
  4925 | D:5      | Found Aqi Gyot's Food Shop.
  4952 | D:5      | Noticed Eustachio
  4994 | D:5      | Killed Eustachio
  4994 | D:5      | Reached skill level 7 in Unarmed Combat
  5075 | D:5      | Found a deep blue altar of Sif Muna.
  5313 | D:5      | Reached * piety under Cheibriados
  5706 | D:6      | Reached XP level 8. HP: 60/60 MP: 11/16
  6384 | D:6      | Noticed a troll
  6384 | D:6      | Noticed a green ugly thing
  6405 | D:5      | Killed a troll
  6720 | D:6      | Reached XP level 9. HP: 58/66 MP: 11/18
  6809 | D:6      | Reached skill level 5 in Transmutations
  6996 | D:6      | Killed a green ugly thing
  7199 | D:7      | Reached skill level 5 in Fighting
  7218 | D:7      | Reached ** piety under Cheibriados
  7455 | D:7      | Found a glowing golden altar of the Shining One.
  7715 | D:7      | Reached skill level 8 in Unarmed Combat
  7760 | D:7      | Noticed Menkaure
  7763 | D:7      | Killed Menkaure
  7763 | D:7      | Reached skill level 5 in Invocations
  8153 | D:7      | Reached XP level 10. HP: 74/74 MP: 15/20
  8304 | D:7      | Reached *** piety under Cheibriados
  9611 | D:9      | Found a shadowy altar of Dithmenos.
  9622 | D:9      | Found a flagged portal.
  9636 | D:9      | Reached skill level 5 in Short Blades
  9636 | D:9      | Reached skill level 5 in Long Blades
  9636 | D:9      | Reached skill level 5 in Axes
  9636 | D:9      | Reached skill level 5 in Maces & Flails
  9636 | D:9      | Reached skill level 5 in Polearms
  9636 | D:9      | Reached skill level 5 in Staves
  9636 | D:9      | Reached skill level 5 in Slings
  9636 | D:9      | Reached skill level 5 in Bows
  9636 | D:9      | Reached skill level 5 in Crossbows
  9636 | D:9      | Reached skill level 5 in Throwing
  9636 | D:9      | Reached skill level 5 in Armour
  9636 | D:9      | Reached skill level 5 in Stealth
  9636 | D:9      | Reached skill level 5 in Shields
  9636 | D:9      | Reached skill level 5 in Evocations
  9645 | D:9      | Reached **** piety under Cheibriados
  9670 | Bailey   | Entered a bailey
 10484 | Bailey   | Reached ***** piety under Cheibriados
 11470 | D:9      | Found a staircase to the Lair.
 11495 | D:9      | Reached XP level 11. HP: 71/82 MP: 18/22
 11792 | D:9      | Found a radiant altar of Vehumet.
 11896 | D:9      | Upgraded the game from 0.24-a0-368-g0e0cebd0f3 to
                  | 0.24-a0-373-g39439d866b
 12125 | D:10     | Entered Level 10 of the Dungeon
 12301 | D:10     | Reached skill level 9 in Unarmed Combat
 12398 | D:10     | Found a roughly hewn altar of Beogh.
 12596 | D:10     | Reached ****** piety under Cheibriados
 12597 | D:10     | Reached skill level 5 in Conjurations
 12597 | D:10     | Reached skill level 5 in Hexes
 12597 | D:10     | Reached skill level 5 in Charms
 12597 | D:10     | Reached skill level 5 in Summonings
 12597 | D:10     | Reached skill level 5 in Necromancy
 12597 | D:10     | Reached skill level 5 in Translocations
 12597 | D:10     | Reached skill level 5 in Fire Magic
 12597 | D:10     | Reached skill level 5 in Ice Magic
 12597 | D:10     | Reached skill level 5 in Air Magic
 12597 | D:10     | Reached skill level 5 in Earth Magic
 12597 | D:10     | Reached skill level 5 in Poison Magic
 12866 | D:10     | Learned a level 5 spell: Blade Hands
 12869 | D:10     | Learned a level 2 spell: Sticks to Snakes
 13340 | D:11     | Found a sparkling altar of Nemelex Xobeh.
 13725 | D:11     | Noticed an unseen horror
 13725 | D:11     | a golden eye changed into an unseen horror
 13739 | D:11     | an unseen horror changed into a hog
 14213 | Lair:1   | Entered Level 1 of the Lair of Beasts
 14243 | Lair:1   | You fall into a shaft and drop 1 floor!
 15236 | Lair:1   | Found a runed translucent door.
 15238 | Lair:1   | Noticed Xysuja Ciut's ghost (journeyman NaFE)
 15301 | Lair:1   | Reached XP level 12. HP: 68/91 MP: 19/24
 17501 | Lair:2   | Found a hole to the Spider Nest.
 18865 | Lair:3   | Reached skill level 10 in Unarmed Combat
 18950 | Lair:3   | Found a staircase to the Shoals.
 19265 | Lair:4   | Noticed Urug
 19276 | Lair:4   | Killed Urug
 19276 | Lair:4   | Reached XP level 13. HP: 74/98 MP: 20/26
 19666 | Lair:3   | Identified a scroll of acquirement
 19691 | Lair:3   | Learned a level 3 spell: Lesser Beckoning
 20962 | Lair:5   | HP: 4/118 [eight-headed hydra (7)]
 20963 | Lair:5   | Mangled by an eight-headed hydra

Levels and vault maps discovered:
D:1:      co_arrival_random_square_maze, layout_rooms
D:2:      layout_basic, nemelex_lonely_heart_becter
D:3:      layout_loops_cross, lemuel_crystal_altar,
          nicolae_dithmenos_shadow_blocks
D:4:      cheibrodos_greedy_goblins, layout_loops_ring, dancing_weapons_uskayaw,
          minmay_temple_entry_glass, okawaru_metal_pillars_1_2
D:5:      layout_gridville, led_sif_book, serial_shops, shop, first_ration,
          minmay_misc_feat_tower, grunt_tough_drop, uniq_eustachio
D:6:      kennysheep_big_flooded_room, layout_basic
D:7:      layout_gridville, nicolae_tso_besieged_by_evil, uniq_menkaure
D:8:      layout_basic, grunt_pizzeria, grunt_decor_cap, minmay_holes
D:9:      layout_roguey, marbit_many_paths, kennysheep_mini, david_lair_generic,
          enter_bailey_2
D:10:     layout_roguey [special_room_orc]
D:11:     layout_stronghold, minmay_crystal_water, skrybe_limestone_x,
          grunt_ministairs_4, nemelex_altar_shiori
Temple:   eino_temple_scatter_basement
Lair:1:   layout_regular_city, gammafunk_ghost_grave,
          chequers_serial_rivers_small_3, infiniplex_staircase_pool,
          grunt_megastairs_2, lemuel_fruit_fields
Lair:2:   layout_loops_ring, spider_nest_entry_a, minmay_lair_oklob_items,
          grunt_megastairs_1
Lair:3:   lemuel_ratsnest, layout_loops_ring, elwin_shoals_entry_stream,
          st_stairs_7, cheibrodos_lair_reptile_den, serial_bayou_shore_b
Lair:4:   layout_hall_layers, eino_small_chamber_without_monster,
          lemuel_fruit_tree, uniq_urug
Lair:5:   layout_big_grid

Skill      XL: |  1  2  3  4  5  6  7  8  9 10 11 12 13 |
---------------+----------------------------------------+-----
Spellcasting   | 5 6 7 8 9 |  9.6
Invocations    | 1 2 3 4 5 6 7 8 |  8.9
Short Blades   | 1 2 3 4 5 6 7 8 |  8.1
Long Blades    | 1 2 3 4 5 6 7 8 |  8.1
Axes           | 1 2 3 4 5 6 7 8 |  8.1
Maces & Flails | 1 2 3 4 5 6 7 8 |  8.1
Polearms       | 1 2 3 4 5 6 7 8 |  8.1
Staves         | 1 2 3 4 5 6 7 8 |  8.1
Slings         | 1 2 3 4 5 6 7 8 |  8.1
Bows           | 1 2 3 4 5 6 7 8 |  8.1
Crossbows      | 1 2 3 4 5 6 7 8 |  8.1
Throwing       | 1 2 3 4 5 6 7 8 |  8.1
Armour         | 1 2 3 4 5 6 7 8 |  8.1
Stealth        | 1 2 3 4 5 6 7 8 |  8.1
Shields        | 1 2 3 4 5 6 7 8 |  8.1
Evocations     | 1 2 3 4 5 6 7 8 |  8.1
Conjurations   | 1 2 3 4 5 6 |  6.7
Hexes          | 1 2 3 4 5 6 |  6.7
Charms         | 1 2 3 4 5 6 |  6.7
Summonings     | 1 2 3 4 5 6 |  6.7
Necromancy     | 1 2 3 4 5 6 |  6.7
Translocations | 1 2 3 4 5 6 |  6.7
Fire Magic     | 1 2 3 4 5 6 |  6.7
Ice Magic      | 1 2 3 4 5 6 |  6.7
Air Magic      | 1 2 3 4 5 6 |  6.7
Earth Magic    | 1 2 3 4 5 6 |  6.7
Poison Magic   | 1 2 3 4 5 6 |  6.7
Fighting       | 3 4 5 6 7 8 |  8.6
Transmutations | 4 5 6 7 |  7.8
Dodging        | 5 6 7 8 9 |  9.4
Unarmed Combat | 7 8 9 10 | 10.4

Action                   |  1- 3 |  4- 6 |  7- 9 | 10-12 | 13-15 || total
-------------------------+-------+-------+-------+-------+-------++-------
Melee: Unarmed           |    80 |   220 |   194 |   669 |    74 ||  1237
       Bite              |     4 |    11 |     4 |    76 |    14 ||   109
       Punch             |     1 |     1 |     1 |    13 |     3 ||    19
       Kick              |     2 |     2 |       |       |       ||     4
       Staff             |       |       |       |       |     6 ||     6
 Cast: Beastly Appendage |     2 |       |       |       |       ||     2
       Spider Form       |       |    13 |     5 |     4 |       ||    22
       Ice Form          |       |       |    28 |    47 |     2 ||    77
       Blade Hands       |       |       |       |    28 |     9 ||    37
Invok: Slouch            |       |       |       |     1 |       ||     1
Evoke: Wand              |       |       |    22 |     6 |       ||    28
  Use: Potion            |       |     1 |       |     1 |       ||     2
       Scroll            |       |       |     3 |       |    19 ||    22
 Stab: Sleeping          |       |     6 |     1 |    10 |       ||    17
       Paralysed         |       |       |       |     2 |       ||     2
  Eat: Chunk             |       |    13 |     7 |    25 |     2 ||    47
       Ration            |       |       |     1 |       |       ||     1
Armor: Robe              |    11 |    16 |     2 |       |       ||    29
       Skin              |       |     2 |    28 |    60 |    11 ||   101
       Troll leather arm |       |       |     4 |     2 |       ||     6
       Plate armour      |       |       |       |   117 |    30 ||   147
Dodge: Dodged            |    75 |   173 |   149 |   566 |    90 ||  1053
Block: Buckler           |       |       |     4 |    67 |     3 ||    74

Table legend:
 A = Non-vault XP
 B = Vault XP
 C = Vault XP percentage of total XP
 D = Non-vault monster count
 E = Vault monster count
 F = Vault count percentage of total count
                 A         B        C        D         E       F
            +---------+---------+-------+---------+---------+-------
      Total |   29806 |   11817 |  28.4 |     314 |     155 |  33.0
            +---------+---------+-------+---------+---------+-------
        D:1 |      40 |       0 |   0.0 |      20 |       0 |   0.0
        D:2 |     199 |       0 |   0.0 |      28 |       0 |   0.0
        D:3 |     153 |       0 |   0.0 |      27 |       0 |   0.0
        D:4 |      85 |      20 |  19.0 |       8 |      10 |  55.6
        D:5 |     429 |     584 |  57.7 |      13 |       5 |  27.8
        D:6 |    1189 |     536 |  31.1 |      19 |       1 |   5.0
        D:7 |    1350 |     223 |  14.2 |      28 |       8 |  22.2
        D:8 |     457 |     129 |  22.0 |      20 |       1 |   4.8
        D:9 |    1645 |    1095 |  40.0 |      27 |       5 |  15.6
       D:10 |     840 |     497 |  37.2 |       9 |      25 |  73.5
       D:11 |    1769 |     159 |   8.2 |      19 |       2 |   9.5
     Lair:1 |    5966 |       0 |   0.0 |      32 |       0 |   0.0
     Lair:2 |    2657 |    2342 |  46.8 |      15 |       7 |  31.8
     Lair:3 |    3312 |    3102 |  48.4 |      18 |      51 |  73.9
     Lair:4 |    6042 |     839 |  12.2 |      23 |       1 |   4.2
     Lair:5 |    3673 |       0 |   0.0 |       8 |       0 |   0.0
     Bailey |       0 |    2291 | 100.0 |       0 |      39 | 100.0
            +---------+---------+-------+---------+---------+-------
